[Event "Austrian Championship Boys-U12 2024"]
[Site "Fuerstenfeld"]
[Date "2024.05.30"]
[Round "1.1"]
[White "Pollak, Tony"]
[Black "Groessing, Daniel-Yosuke"]
[Result "1/2-1/2"]
[ECO "A29"]
[WhiteElo "1461"]
[BlackElo "1892"]
[Annotator "NA RC"]
[PlyCount "86"]
[EventDate "2024.05.28"]
[EventType "swiss"]
[EventCountry "AUT"]
[SourceTitle "playchess.com"]
[Source "ChessBase"]
[SourceQuality "1"]
[TimeControl "5400+30"]

1. c4 e5 2. Nc3 Nf6 3. g3 d5 4. cxd5 Nxd5 5. Bg2 Nb6 6. Nf3 Nc6 7. O-O Be7 8. a3 a5 9. d3 O-O 10. Be3 Be6 11. Bxb6 cxb6 12. Nd2 Rc8 13. Nc4 f6 14. b3 (14. e3 $14) 14... Bc5 $11 15. e3 Qd7 16. Qe2 Kh8 17. Rfd1 Rfd8 18. Kh1 Qf7 19. Na4 Qc7 20. Qa2 Rd7 21. Rd2 Rcd8 22. Rad1 Bg4 23. f3 Be6 24. Nxc5 bxc5 25. Qc2 Ne7 26. Nb2 Nf5 27. Re2 Rd6 28. Kg1 b6 29. Kf2 Qf7 30. Nc4 R6d7 31. Qb1 a4 32. Nxb6 Rb7 33. Nxa4 Rxb3 34. Qc1 Rbxd3 35. Rxd3 Rxd3 36. Nxc5 Rd8 37. Nxe6 Qxe6 38. Rc2 Qb3 39. Rc3 Qa2+ 40. Rc2 Qb3 41. Rc3 Qa2+ 42. Rc2 Qb3 43. Rc3 Qa2+ 1/2-1/2

[Event "Austrian Championship Boys-U12 2024"]
[Site "Fuerstenfeld"]
[Date "2024.05.30"]
[Round "1.2"]
[White "Radnaev, Leo"]
[Black "Wu, Lucas"]
[Result "1-0"]
[ECO "B14"]
[WhiteElo "1879"]
[BlackElo "1453"]
[Annotator "NA RC"]
[PlyCount "61"]
[EventDate "2024.05.28"]
[EventType "swiss"]
[EventCountry "AUT"]
[SourceTitle "playchess.com"]
[Source "ChessBase"]
[SourceQuality "1"]
[TimeControl "5400+30"]

1. e4 c6 2. d4 d5 3. exd5 cxd5 4. c4 e6 5. Nc3 Nf6 6. Nf3 Be7 7. Bf4 O-O 8. Be2 dxc4 9. Bxc4 Nc6 10. O-O Bd7 {[%emt 0:00:32] B14: Caro-Kann: Panov-Botvinnik Attack with 5...e6 and 5...g6.} 11. Qe2 Rc8 12. Rac1 Qb6 13. Rfd1 Rfd8 14. a3 a5 15. Na4 Qa7 16. Nc3 Be8 17. a4 Nxd4 18. Nxd4 Rxd4 19. Bxe6 Rxf4 20. Bxc8 Bc5 21. Rf1 Bc6 $16 22. Bh3 Ne4 23. Nxe4 Rxe4 24. Qd2 Rd4 25. Qc3 Bb4 26. Qg3 Bd6 27. Qb3 Bc5 28. Qc2 Bb6 29. Rcd1 Re4 30. Rfe1 Rf4 31. Qxc6 1-0

[Event "Austrian Championship Boys-U12 2024"]
[Site "Fuerstenfeld"]
[Date "2024.05.30"]
[Round "1.7"]
[White "Roessler, Lukas Namgyu"]
[Black "Slavskyi, Maksym"]
[Result "0-1"]
[ECO "E12"]
[WhiteElo "1808"]
[BlackElo "1660"]
[Annotator "NA RC"]
[PlyCount "122"]
[EventDate "2024.05.28"]
[EventType "swiss"]
[EventCountry "AUT"]
[SourceTitle "playchess.com"]
[Source "ChessBase"]
[SourceQuality "1"]
[TimeControl "5400+30"]

1. c4 b6 2. d4 e6 3. Nc3 Nf6 4. Bg5 Bb7 5. Nf3 Be7 6. Bxf6 Bxf6 7. e4 O-O 8. e5 Be7 9. Be2 c5 10. d5 exd5 11. cxd5 f6 12. d6 fxe5 13. dxe7 Qxe7 14. Nd5 Qd6 15. Bc4 Kh8 $18 16. Ne3 Qg6 17. Nxe5 Qf6 18. N3g4 Qf4 19. Qd6 Qe4+ 20. Ne3 Nc6 21. Nf7+ Rxf7 22. Bxf7 Ne5 23. Bd5 Qb4+ 24. Kd1 Qxb2 25. Rc1 Ba6 26. Bc4 b5 27. Qd5 Re8 28. Qd6 Nxc4 29. Qxd7 Nxe3+ 30. fxe3 Rf8 31. Qe7 Rc8 32. Rf1 h6 33. Rf8+ Rxf8 34. Qxf8+ Kh7 35. Qxc5 Qf6 36. Qc2+ Kh8 37. Qc6 Qf1+ 38. Kd2 Qf2+ 39. Kd3 b4+ 40. Qxa6 Qf5+ 41. e4 Qd7+ 42. Ke3 Qe7 43. Qd3 Qg5+ 44. Kf3 Qxc1 45. Qb3 Qf1+ 46. Kg3 a5 47. e5 g5 48. Qe3 Kg7 49. Qa7+ Qf7 50. Qd4 Qe6 51. Kf3 Qxa2 52. e6+ Kg6 53. Qe4+ Kf6 54. e7 Qb3+ 55. Kg4 Qd1+ 56. Kg3 Qd6+ 57. Kg4 Qd7+ 58. Kh5 Qe8+ 59. Kg4 Qxe7 60. Qf5+ Kg7 61. Qxa5 Qe4+ 0-1

[Event "Austrian Championship Boys-U12 2024"]
[Site "Fuerstenfeld"]
[Date "2024.05.30"]
[Round "1.8"]
[White "Atlas, Daniel"]
[Black "Koch, Paul"]
[Result "1-0"]
[ECO "C54"]
[WhiteElo "1629"]
[BlackElo "1659"]
[Annotator "NA RC"]
[PlyCount "123"]
[EventDate "2024.05.28"]
[EventType "swiss"]
[EventCountry "AUT"]
[SourceTitle "playchess.com"]
[Source "ChessBase"]
[SourceQuality "1"]
[TimeControl "5400+30"]

1. e4 e5 2. Nf3 Nc6 3. Bc4 Bc5 4. c3 Nf6 5. d3 h6 6. Nbd2 d6 7. O-O Be6 8. Bb3 a6 9. Re1 Ba7 10. Nf1 Qd7 11. Ng3 g6 12. Be3 O-O-O 13. Bxa7 Nxa7 14. Ba4 Qe7 15. b4 b5 16. Bb3 Kd7 17. a4 Ra8 18. d4 Ke8 19. h3 Kf8 20. Qb1 Kg7 21. Qa2 Rhe8 22. Bxe6 Qxe6 23. d5 Qd7 24. a5 c6 25. c4 cxd5 26. cxd5 Rac8 27. Rac1 Qb7 28. Qd2 Qe7 29. Nh4 Kh7 30. Qe3 Ra8 31. Rc3 Rec8 32. Rec1 Nd7 33. Rc7 Rxc7 34. Rxc7 Qd8 35. Rxa7 Rxa7 36. Qxa7 Qxh4 37. Qxd7 Qf6 38. Qb7 Kg7 39. Qxa6 h5 40. Qxb5 Qf4 41. Qd3 Qc1+ 42. Nf1 Qb2 43. b5 Qa2 44. a6 Qa5 45. Qc4 Qb6 46. Qc6 Qb8 47. b6 g5 48. a7 Qd8 49. a8=Q Qxa8 50. Qxa8 g4 51. hxg4 hxg4 52. b7 g3 53. b8=Q gxf2+ 54. Kxf2 f5 55. Qf8+ Kg6 56. Qae8+ Kg5 57. Qg7+ Kf4 58. Qg3+ Kxe4 59. Qc6 f4 60. Nd2+ Kf5 61. Qd7+ Kf6 62. Ne4# 1-0

[Event "Austrian Championship Boys-U12 2024"]
[Site "Fuerstenfeld"]
[Date "2024.05.30"]
[Round "2.1"]
[White "Perfler, Daniel"]
[Black "Radnaev, Leo"]
[Result "1/2-1/2"]
[ECO "B52"]
[WhiteElo "1623"]
[BlackElo "1879"]
[Annotator "NA RC"]
[PlyCount "81"]
[EventDate "2024.05.28"]
[EventType "swiss"]
[EventCountry "AUT"]
[SourceTitle "playchess.com"]
[Source "ChessBase"]
[SourceQuality "1"]
[TimeControl "5400+30"]

1. e4 c5 2. Nf3 d6 3. Bb5+ Bd7 4. Bxd7+ Qxd7 5. c4 Nf6 6. Nc3 g6 7. d3 Bg7 8. O-O O-O 9. Be3 Nc6 10. Qd2 Rfd8 11. Rad1 Rac8 12. Rfe1 e6 13. b3 a6 14. d4 cxd4 15. Nxd4 Ng4 16. Nxc6 Nxe3 17. Nxd8 Nxd1 18. Rxd1 Rxd8 19. Ne2 Qc6 20. Ng3 Qc5 21. Kf1 a5 22. Ke2 Bf6 23. Qe3 Qb4 24. Qd2 Qa3 25. Kf1 Kg7 26. Ne2 Qc5 27. Ng3 h6 28. Ke2 h5 29. h3 Kg8 30. Ke1 Qe5 31. Qe2 Qc3+ 32. Qd2 Qe5 33. Qe2 Kf8 34. Kf1 h4 35. Nh1 Ke7 36. f3 Rd7 37. Nf2 Bg7 38. Ng4 Qc5 39. Qf2 Qb4 40. Qxh4+ Kf8 41. Qf2 1/2-1/2

[Event "Austrian Championship Boys-U12 2024"]
[Site "Fuerstenfeld"]
[Date "2024.05.30"]
[Round "2.2"]
[White "Pleimer, Noah"]
[Black "Lins, Jakob"]
[Result "1-0"]
[ECO "D64"]
[WhiteElo "1836"]
[BlackElo "1611"]
[Annotator "NA RC"]
[PlyCount "87"]
[EventDate "2024.05.28"]
[EventType "swiss"]
[EventCountry "AUT"]
[SourceTitle "playchess.com"]
[Source "ChessBase"]
[SourceQuality "1"]
[TimeControl "5400+30"]

1. d4 d5 2. c4 e6 3. Nc3 Nf6 4. Bg5 Be7 5. e3 h6 6. Bh4 O-O 7. Nf3 Re8 8. Qc2 c6 9. Rc1 Nbd7 10. Be2 Nb6 11. b3 Nbd7 12. Bg3 Nf8 13. Ne5 Bd6 14. O-O N6d7 15. Nxc6 bxc6 16. Bxd6 Nf6 17. Bg3 N8d7 18. cxd5 exd5 19. Bd3 Nh5 20. Na4 Bb7 21. Nc5 Nxc5 22. Qxc5 Nxg3 23. hxg3 Qb6 24. Rc3 h5 25. Be2 g6 26. a4 Qd8 27. a5 a6 28. Bf3 h4 29. gxh4 Qxh4 30. g3 Qh6 31. Kg2 Kg7 32. Rh1 Qg5 33. Rcc1 Rh8 34. b4 Qf5 35. Qe7 Bc8 36. Rxh8 Kxh8 37. Qf8+ Kh7 38. Rh1+ Qh3+ 39. Kg1 Qxh1+ 40. Kxh1 Bg4 41. Qxf7+ Kh6 42. Bxg4 Rh8 43. Kg2 Kg5 44. Qf4# 1-0

[Event "Austrian Championship Boys-U12 2024"]
[Site "Fuerstenfeld"]
[Date "2024.05.30"]
[Round "2.3"]
[White "Feiertag, Niklas"]
[Black "Chen, Chicheng Leon"]
[Result "0-1"]
[ECO "E43"]
[WhiteElo "1577"]
[BlackElo "1827"]
[Annotator "NA RC"]
[PlyCount "96"]
[EventDate "2024.05.28"]
[EventType "swiss"]
[EventCountry "AUT"]
[SourceTitle "playchess.com"]
[Source "ChessBase"]
[SourceQuality "1"]
[TimeControl "5400+30"]

1. d4 Nf6 2. c4 e6 3. Nc3 Bb4 4. e3 b6 5. Nf3 Bb7 6. Be2 Ne4 7. Bd2 Bxc3 8. Bxc3 Nxc3 9. bxc3 d6 10. O-O Nd7 11. Bd3 O-O 12. Re1 e5 13. d5 Nc5 14. e4 Qe7 15. Re3 Rae8 16. Nd2 Bc8 17. Nb3 Nxd3 18. Rxd3 f5 19. Nd2 f4 20. g3 Qg5 21. Nf3 Qh6 22. Qe2 Bg4 23. a4 a5 24. h4 Qh5 25. Kg2 Re7 26. Rf1 Bd7 27. Qd1 Qg4 28. Ng5 Qxd1 29. Rfxd1 Bxa4 30. R1d2 Bd7 31. f3 h6 32. Nh3 fxg3 33. Kxg3 Ref7 34. Rf2 Bc8 35. Ng1 Ba6 36. Ne2 Bxc4 37. Rd2 Bxe2 38. Rdxe2 Rf4 39. Ra2 g5 40. hxg5 hxg5 41. Ra1 g4 42. Rh2 Rxf3+ 43. Kxg4 R8f4+ 44. Kg5 Rg3+ 45. Kh6 Rf7 46. Rg2 Rxg2 47. Rg1 Rxg1 48. c4 Rh7# 0-1

[Event "Austrian Championship Boys-U12 2024"]
[Site "Fuerstenfeld"]
[Date "2024.05.30"]
[Round "2.4"]
[White "Keller, Niklas"]
[Black "Winkelmayr, Raphael"]
[Result "1/2-1/2"]
[ECO "D35"]
[WhiteElo "1710"]
[BlackElo "1529"]
[Annotator "NA RC"]
[PlyCount "78"]
[EventDate "2024.05.28"]
[EventType "swiss"]
[EventCountry "AUT"]
[SourceTitle "playchess.com"]
[Source "ChessBase"]
[SourceQuality "1"]
[TimeControl "5400+30"]

1. d4 d5 2. c4 e6 3. cxd5 exd5 4. Nc3 Be7 5. Bf4 Nf6 6. Qb3 c6 7. e3 Qb6 8. Qxb6 axb6 9. Nf3 Bf5 10. Nh4 Bg4 11. h3 Be6 12. Nf3 Nh5 13. Bh2 Nd7 14. Bd3 Nhf6 15. O-O O-O 16. Ne5 Bd6 17. f4 c5 18. Nxd7 Bxd7 19. f5 Bxh2+ 20. Kxh2 Rfe8 21. Rae1 h6 22. a3 Re7 23. e4 cxd4 24. Nxd5 Nxd5 25. exd5 Rxe1 26. Rxe1 Re8 27. Rxe8+ Bxe8 28. g4 Kf8 29. Kg3 Ke7 30. Kf4 Kd6 31. Ke4 f6 32. Kxd4 Bf7 33. Be4 h5 34. Bf3 hxg4 35. hxg4 g6 36. Kc4 gxf5 37. gxf5 Be8 38. b3 Bd7 39. Bg4 Ke5 1/2-1/2

[Event "Austrian Championship Boys-U12 2024"]
[Site "Fuerstenfeld"]
[Date "2024.05.30"]
[Round "2.5"]
[White "Slavskyi, Maksym"]
[Black "Safonov, Lev"]
[Result "1-0"]
[ECO "A36"]
[WhiteElo "1660"]
[BlackElo "1473"]
[Annotator "NA COMBH"]
[PlyCount "41"]
[EventDate "2024.05.28"]
[EventType "swiss"]
[EventCountry "AUT"]
[SourceTitle "playchess.com"]
[Source "ChessBase"]
[SourceQuality "1"]
[TimeControl "5400+30"]

1. c4 e5 2. Nc3 Nf6 3. g3 c5 4. Bg2 Nc6 5. e3 Be7 6. Nge2 O-O 7. O-O Rb8 8. d3 a6 9. a4 Qa5 10. Bd2 Qb6 11. Rb1 Nb4 12. Nc1 Rd8 13. N3a2 Nxa2 14. Nxa2 d5 15. cxd5 Nxd5 16. Qh5 Bf6 17. Be4 g6 18. Qf3 Be6 19. Nc3 Nxc3 20. bxc3 Bg4 21. Qxg4 1-0

[Event "Austrian Championship Boys-U12 2024"]
[Site "Fuerstenfeld"]
[Date "2024.05.30"]
[Round "2.6"]
[White "Schernthaner, Tim"]
[Black "Atlas, Daniel"]
[Result "1-0"]
[ECO "C63"]
[WhiteElo "1538"]
[BlackElo "1629"]
[Annotator "NA RC"]
[PlyCount "91"]
[EventDate "2024.05.28"]
[EventType "swiss"]
[EventCountry "AUT"]
[SourceTitle "playchess.com"]
[Source "ChessBase"]
[SourceQuality "1"]
[TimeControl "5400+30"]

1. e4 e5 2. Nf3 Nc6 3. Bb5 f5 4. d3 fxe4 5. dxe4 Nf6 6. O-O d6 7. Bg5 Be7 8. Nc3 O-O 9. Bxf6 Bxf6 10. Nd5 Bg4 11. Qd3 Kh8 12. Nd2 Nd4 13. f3 Bg5 14. fxg4 Bxd2 15. Rxf8+ Qxf8 16. Nxc7 Rc8 17. Qxd2 Rxc7 18. Bd3 Qc8 19. Rf1 h6 20. g5 h5 21. g6 Kg8 22. Qg5 Ne6 23. Qxh5 Nf4 24. Qh7+ Kf8 25. g3 Qg4 26. Qh8+ Ke7 27. Qxg7+ Kd8 28. Qf8+ Kd7 29. Bb5+ Rc6 30. Qf5+ Qxf5 31. Bxc6+ bxc6 32. exf5 Nh5 33. f6 Ke8 34. g4 Nf4 35. g7 Kf7 36. h4 Ne6 37. h5 Ng5 38. h6 e4 39. Rf5 Nh7 40. g5 Nxg5 41. Rxg5 e3 42. g8=Q+ Kxf6 43. Qg6+ Ke7 44. Qe4+ Kf7 45. Qf5+ Ke7 46. Rg7+ 1-0

[Event "Austrian Championship Boys-U12 2024"]
[Site "Fuerstenfeld"]
[Date "2024.05.31"]
[Round "3.1"]
[White "Slavskyi, Maksym"]
[Black "Pleimer, Noah"]
[Result "0-1"]
[ECO "D37"]
[WhiteElo "1660"]
[BlackElo "1836"]
[Annotator "NA RC"]
[PlyCount "62"]
[EventDate "2024.05.28"]
[EventType "swiss"]
[EventCountry "AUT"]
[SourceTitle "playchess.com"]
[Source "ChessBase"]
[SourceQuality "1"]
[TimeControl "5400+30"]

1. d4 d5 2. c4 e6 3. Nc3 Nf6 4. e3 Be7 5. Nf3 O-O 6. Bd3 Nbd7 7. a4 Re8 8. O-O c6 9. b3 Bd6 10. Ba3 Bxa3 11. Rxa3 Qe7 12. Ra2 h6 13. Qb1 e5 14. e4 exd4 15. Nxd4 Qe5 16. Nde2 dxe4 17. Bc2 Nf8 18. Qb2 e3 19. f4 Qc7 20. Rf3 Bg4 21. Rg3 Rad8 22. h3 Bxe2 23. Nxe2 Kh8 24. Bf5 Rd2 25. Qa1 Qd6 26. Bb1 Rxe2 27. Bc2 Rd2 28. c5 Qxc5 29. b4 Qd4 30. Qe1 e2+ 31. Kh2 Rd1 0-1

[Event "Austrian Championship Boys-U12 2024"]
[Site "Fuerstenfeld"]
[Date "2024.05.31"]
[Round "3.2"]
[White "Chen, Chicheng Leon"]
[Black "Aboulenein-Djamshidian, Aryan"]
[Result "1-0"]
[ECO "C18"]
[WhiteElo "1827"]
[BlackElo "1625"]
[Annotator "NA RC"]
[PlyCount "85"]
[EventDate "2024.05.28"]
[EventType "swiss"]
[EventCountry "AUT"]
[SourceTitle "playchess.com"]
[Source "ChessBase"]
[SourceQuality "1"]
[TimeControl "5400+30"]

1. e4 e6 2. Nc3 d5 3. d4 Bb4 4. e5 c5 5. a3 Bxc3+ 6. bxc3 Ne7 7. h4 c4 8. h5 h6 9. Qg4 Nf5 10. Rh3 Nc6 11. Rf3 Qh4 12. Qxh4 Nxh4 13. Rf4 Nf5 14. g4 Nh4 15. Nf3 g5 16. Rf6 Nxf3+ 17. Rxf3 b5 18. Rh3 O-O 19. f4 gxf4 20. Bxf4 Kh7 21. Be2 a5 22. Kd2 Bd7 23. Rf3 b4 24. Be3 bxc3+ 25. Kxc3 Kg7 26. Rf6 Rh8 27. Raf1 Be8 28. Rg1 Nb8 29. g5 Nd7 30. Rxh6 Nb6 31. g6 Na4+ 32. Kd2 c3+ 33. Ke1 fxg6 34. Rxh8 Kxh8 35. Bg5 Rb8 36. Bf6+ Kg8 37. Kf2 Rb2 38. Bd3 Ra2 39. hxg6 Nb2 40. Be2 Nc4 41. g7 Bg6 42. Rxg6 Nd6 43. exd6 1-0

[Event "Austrian Championship Boys-U12 2024"]
[Site "Fuerstenfeld"]
[Date "2024.05.31"]
[Round "3.3"]
[White "Radnaev, Leo"]
[Black "Schernthaner, Tim"]
[Result "1-0"]
[ECO "B43"]
[WhiteElo "1879"]
[BlackElo "1538"]
[Annotator "NA RC"]
[PlyCount "47"]
[EventDate "2024.05.28"]
[EventType "swiss"]
[EventCountry "AUT"]
[SourceTitle "playchess.com"]
[Source "ChessBase"]
[SourceQuality "1"]
[TimeControl "5400+30"]

1. e4 c5 2. Nf3 e6 3. d4 cxd4 4. Nxd4 a6 5. Nc3 Qc7 6. a3 Nf6 7. f4 d6 8. Be3 Be7 9. Qf3 Bd7 10. O-O-O Nc6 11. Nxc6 Bxc6 12. g4 b5 13. g5 Nd7 14. f5 Ne5 15. Qf4 exf5 16. Qxf5 $11 Bd7 17. Qf4 f6 18. Nd5 Qc6 19. gxf6 gxf6 20. Nxf6+ Bxf6 21. Qxf6 Rf8 22. Qxd6 Qxe4 23. Bg5 Nf7 24. Qxd7# 1-0

[Event "Austrian Championship Boys-U12 2024"]
[Site "Fuerstenfeld"]
[Date "2024.05.31"]
[Round "3.5"]
[White "Winkelmayr, Raphael"]
[Black "Perfler, Daniel"]
[Result "1/2-1/2"]
[ECO "D30"]
[WhiteElo "1529"]
[BlackElo "1623"]
[Annotator "NA RC"]
[PlyCount "27"]
[EventDate "2024.05.28"]
[EventType "swiss"]
[EventCountry "AUT"]
[SourceTitle "playchess.com"]
[Source "ChessBase"]
[SourceQuality "1"]
[TimeControl "5400+30"]

1. Nf3 d5 2. d4 Nf6 3. c4 e6 4. Bg5 dxc4 5. e3 b5 6. a4 c6 7. b3 Bb4+ 8. Ke2 Ba6 9. Ne5 cxb3 10. axb5 Bxb5+ 11. Nd3 Qd5 12. Bxf6 b2 13. Ra4 Bxa4 14. Qxa4 1/2-1/2

[Event "Austrian Championship Boys-U12 2024"]
[Site "Fuerstenfeld"]
[Date "2024.05.31"]
[Round "4.1"]
[White "Pleimer, Noah"]
[Black "Chen, Chicheng Leon"]
[Result "1/2-1/2"]
[ECO "B30"]
[WhiteElo "1836"]
[BlackElo "1827"]
[Annotator "NA RC"]
[PlyCount "58"]
[EventDate "2024.05.28"]
[EventType "swiss"]
[EventCountry "AUT"]
[SourceTitle "playchess.com"]
[Source "ChessBase"]
[SourceQuality "1"]
[TimeControl "5400+30"]

1. e4 c5 2. Nf3 e6 3. g3 Nc6 4. Bg2 d6 5. O-O Nf6 6. d3 Be7 7. Qe2 Rb8 8. Nbd2 Qc7 9. Re1 b5 10. Nf1 b4 11. h4 a5 12. Bf4 e5 13. Bg5 Nd4 14. Qd2 Bg4 15. N3h2 Be6 16. Bxf6 Bxf6 17. Ne3 h5 18. Nhf1 g5 19. Nd5 Bxd5 20. hxg5 Bxg5 21. Qxg5 Be6 22. Ne3 Qe7 23. Qxe7+ Kxe7 24. f4 f6 25. Kf2 h4 26. f5 hxg3+ 27. Kxg3 Rbg8+ 28. Kf2 Bf7 29. Rh1 a4 1/2-1/2

[Event "Austrian Championship Boys-U12 2024"]
[Site "Fuerstenfeld"]
[Date "2024.05.31"]
[Round "4.2"]
[White "Rella, Mario"]
[Black "Radnaev, Leo"]
[Result "0-1"]
[ECO "E92"]
[WhiteElo "1582"]
[BlackElo "1879"]
[Annotator "NA RC"]
[PlyCount "132"]
[EventDate "2024.05.28"]
[EventType "swiss"]
[EventCountry "AUT"]
[SourceTitle "playchess.com"]
[Source "ChessBase"]
[SourceQuality "1"]
[TimeControl "5400+30"]

1. d4 Nf6 2. Nf3 g6 3. c4 Bg7 4. Nc3 O-O 5. e4 d6 6. Be2 e5 7. dxe5 dxe5 8. Qxd8 Rxd8 9. Bg5 c6 10. Nxe5 Re8 11. O-O-O Nxe4 12. Nxe4 Bxe5 13. Bf6 Bf4+ 14. Kb1 Bf5 15. f3 Nd7 16. Bc3 Nc5 17. Ka1 Nxe4 18. fxe4 Rxe4 19. Bd3 Re3 20. Bxf5 gxf5 21. Rhf1 Be5 22. Bxe5 Rxe5 23. b3 Rae8 24. Rd2 Kg7 25. Rg1 Kg6 26. Rf2 Kg5 27. Rd1 Re1 28. Rxe1 Rxe1+ 29. Kb2 f4 30. Kc2 h5 31. Kd2 Re7 32. Kc2 f5 33. Kc3 c5 34. Kd2 Re4 35. Kd3 Kg4 36. Rf3 h4 37. Kd2 Kg5 38. Kd3 Re1 39. h3 Rd1+ 40. Kc3 Rd4 41. Kc2 Kf6 42. Kc3 Ke5 43. Kc2 Ke4 44. Rc3 Rd7 45. Rf3 Rg7 46. Rf2 Ke3 47. Rf3+ Ke4 48. Rf2 Rg3 49. Re2+ Re3 50. Kd2 Rxe2+ 51. Kxe2 f3+ 52. gxf3+ Kf4 53. Kf2 a6 54. a3 a5 55. a4 b6 56. Kg2 Ke3 57. f4 Kxf4 58. Kf2 Ke4 59. Ke2 f4 60. Kf2 f3 61. Ke1 Ke3 62. Kf1 f2 63. Kg2 Ke2 64. Kh2 f1=Q 65. b4 Kf2 66. b5 Qg2# 0-1

[Event "Austrian Championship Boys-U12 2024"]
[Site "Fuerstenfeld"]
[Date "2024.05.31"]
[Round "4.4"]
[White "Schernthaner, Tim"]
[Black "Slavskyi, Maksym"]
[Result "1-0"]
[ECO "C42"]
[WhiteElo "1538"]
[BlackElo "1660"]
[Annotator "NA RC"]
[PlyCount "47"]
[EventDate "2024.05.28"]
[EventType "swiss"]
[EventCountry "AUT"]
[SourceTitle "playchess.com"]
[Source "ChessBase"]
[SourceQuality "1"]
[TimeControl "5400+30"]

1. e4 e5 2. Nf3 Nf6 3. Nxe5 d6 4. Nf3 Nxe4 5. Nc3 Nf6 6. d4 Be7 7. Bd3 O-O 8. h3 Re8 9. O-O d5 10. Re1 Be6 11. Bf4 Nbd7 12. Nb5 Rf8 13. Nxc7 Rc8 14. Nxe6 fxe6 15. Rxe6 Rf7 16. Qe2 Nf8 17. Re3 Bb4 18. c3 Ba5 19. Ng5 Rd7 20. Bf5 Ng6 21. Bxd7 Nxf4 22. Be6+ Kf8 23. Qf3 Rc6 24. Qxf4 1-0

[Event "Austrian Championship Boys-U12 2024"]
[Site "Fuerstenfeld"]
[Date "2024.05.31"]
[Round "4.5"]
[White "Schinwald, Florian"]
[Black "Atlas, Daniel"]
[Result "1-0"]
[ECO "C56"]
[WhiteElo "1521"]
[BlackElo "1629"]
[Annotator "NA RC"]
[PlyCount "57"]
[EventDate "2024.05.28"]
[EventType "swiss"]
[EventCountry "AUT"]
[SourceTitle "playchess.com"]
[Source "ChessBase"]
[SourceQuality "1"]
[TimeControl "5400+30"]

1. e4 e5 2. Nf3 Nc6 3. Bc4 Nf6 4. d4 exd4 5. e5 d5 6. Bb5 Bb4+ 7. c3 dxc3 8. bxc3 Qe7 9. Bxc6+ bxc6 10. cxb4 Qxb4+ 11. Bd2 Qb2 12. Bc3 Qb5 13. Nd4 Qc4 14. exf6 O-O 15. Ne2 Re8 16. O-O Rxe2 17. fxg7 Bf5 18. Qd4 Qb5 19. Nd2 Rae8 20. Nb3 R2e4 21. Qxa7 Qd3 22. Rac1 Bh3 23. f3 Re2 24. Rf2 Rxf2 25. Qxf2 Re2 26. Re1 Rxe1+ 27. Qxe1 Be6 28. Nc5 d4 29. Nxd3 1-0

[Event "Austrian Championship Boys-U12 2024"]
[Site "Fuerstenfeld"]
[Date "2024.05.31"]
[Round "4.6"]
[White "Aboulenein-Djamshidian, Aryan"]
[Black "Winkelmayr, Raphael"]
[Result "1-0"]
[ECO "D00"]
[WhiteElo "1625"]
[BlackElo "1529"]
[Annotator "NA RC"]
[PlyCount "129"]
[EventDate "2024.05.28"]
[EventType "swiss"]
[EventCountry "AUT"]
[SourceTitle "playchess.com"]
[Source "ChessBase"]
[SourceQuality "1"]
[TimeControl "5400+30"]

1. c3 d5 2. d4 Nf6 3. Bf4 Bf5 4. Qb3 b6 5. e3 e6 6. Bb5+ Nbd7 7. Bc6 Rc8 8. Qa4 a5 9. Nf3 Bd6 10. Ne5 Bxe5 11. Bxe5 O-O 12. Bg3 Qe7 13. Bb7 Rb8 14. Qc6 e5 15. Ba6 Qd6 16. Bb5 Rfe8 17. dxe5 Nxe5 18. Qxd6 cxd6 19. Bxe8 Rxe8 20. O-O h5 21. b4 g5 22. f4 Neg4 23. Rf3 Be4 24. fxg5 Bxf3 25. gxf3 Rxe3 26. gxf6 Nxf6 27. Kf2 Re6 28. bxa5 bxa5 29. Nd2 Kh7 30. Nb3 a4 31. Nd4 Re8 32. Bxd6 Rc8 33. Rc1 Ne8 34. Bf4 Nc7 35. Kg3 Kg6 36. Nc6 Kf6 37. Be5+ Ke6 38. Re1 Kd7 39. Bxc7 Rxc7 40. Ne5+ Ke8 41. Ng6+ Kd8 42. Nf4 Rxc3 43. Nxd5 Rd3 44. Nf4 h4+ 45. Kf2 Rd2+ 46. Re2 Rd4 47. Ke3 Rb4 48. Rd2+ Ke8 49. a3 Rb3+ 50. Rd3 Rb2 51. h3 Ke7 52. Nd5+ Ke6 53. Nc3 Rh2 54. Ne4 Rb2 55. Kf4 Ke7 56. Kg4 Rb3 57. Nc5 Rxd3 58. Nxd3 Kd6 59. Nb2 Ke5 60. Nxa4 f5+ 61. Kxh4 Kf4 62. Nc3 Kxf3 63. Kg5 f4 64. Nd5 Kg3 65. Nxf4 1-0

[Event "Austrian Championship Boys-U12 2024"]
[Site "Fuerstenfeld"]
[Date "2024.05.31"]
[Round "4.7"]
[White "Safonov, Lev"]
[Black "Perfler, Daniel"]
[Result "0-1"]
[ECO "C24"]
[WhiteElo "1473"]
[BlackElo "1623"]
[Annotator "NA RC"]
[PlyCount "63"]
[EventDate "2024.05.28"]
[EventType "swiss"]
[EventCountry "AUT"]
[SourceTitle "playchess.com"]
[Source "ChessBase"]
[SourceQuality "1"]
[TimeControl "5400+30"]

1. e4 e5 2. Bc4 Nf6 3. d3 c6 4. Bg5 d5 5. exd5 cxd5 6. Bxf6 gxf6 7. Bb5+ Nc6 8. Qf3 Qd6 9. Nc3 d4 10. Bxc6+ Qxc6 11. Qxc6+ bxc6 12. Ne4 f5 13. Nf6+ Ke7 14. Nh5 f4 15. h3 Rg8 16. g4 f5 17. Nf3 fxg4 18. hxg4 Bxg4 19. Nd2 Rg5 20. Rg1 Bh6 21. Ne4 Rxh5 22. Rxg4 Rh1+ 23. Ke2 Rxa1 24. Rh4 Bg7 25. Rxh7 Kf7 26. Nd2 Rh8 27. Rxh8 Bxh8 28. a3 Rc1 29. Nc4 Rxc2+ 30. Kf3 Bf6 31. Kg2 Ke6 32. Kf1 0-1

[Event "Austrian Championship Boys-U12 2024"]
[Site "Fuerstenfeld"]
[Date "2024.05.31"]
[Round "4.8"]
[White "Koch, Paul"]
[Black "Feiertag, Niklas"]
[Result "0-1"]
[ECO "B22"]
[WhiteElo "1659"]
[BlackElo "1577"]
[Annotator "NA RC"]
[PlyCount "106"]
[EventDate "2024.05.28"]
[EventType "swiss"]
[EventCountry "AUT"]
[SourceTitle "playchess.com"]
[Source "ChessBase"]
[SourceQuality "1"]
[TimeControl "5400+30"]

1. e4 c5 2. c3 d5 3. exd5 Qxd5 4. d4 e6 5. Nf3 Nf6 6. Bg5 Be7 7. Nbd2 Nc6 8. Bc4 Qd8 9. Nb3 cxd4 10. cxd4 Bb4+ 11. Ke2 O-O 12. a3 Be7 13. Re1 a6 14. Kf1 b5 15. Bd3 Bb7 16. Qc2 h6 17. Bh4 Rc8 18. Qd2 Nd7 19. Bxe7 Nxe7 20. Qe2 Nd5 21. Rac1 Nf4 22. Qe3 Nxd3 23. Qxd3 Bd5 24. Rc3 Bc4 25. Rxc4 bxc4 26. Qd1 cxb3 27. Qxb3 Qb6 28. Qxb6 Nxb6 29. h4 Rc2 30. Rb1 Rfc8 31. g4 Rc1+ 32. Rxc1 Rxc1+ 33. Kg2 Rb1 34. b4 Rb3 35. Kg3 Rxa3 36. Kf4 Nd5+ 37. Ke4 Rxf3 38. Kxf3 Nxb4 39. Ke2 a5 40. Kd2 a4 41. Kc3 a3 42. Kb3 a2 43. Kb2 Kf8 44. f4 Ke7 45. g5 h5 46. Ka1 Kd6 47. Kb2 Kd5 48. f5 exf5 49. g6 fxg6 50. Ka1 Kc4 51. Kb2 f4 52. Ka1 Kb3 53. d5 Nc2# 0-1